APL (24 & UNDER)
PENSACOLA PILOTS @ EL PASO TEXANS
09/14/2028
 
TOP OF THE 1ST
Pensacola Pilots batting - Pitching for El Paso Texans : RHP Carlos Sánchez
Pitching: RHP Carlos Sánchez
Batting: RHB Brandon Townsley 0-0: Ball
1-0: Called Strike
1-1: Fly out, F5 (Line Drive, 5L)
Batting: SHB Fernando Gutiérrez 0-0: Called Strike
0-1: Ball
1-1: Hit by Pitch
Batting: RHB Aaron Grizzle 0-0: Fly out, F6 (Popup, 6D)
Batting: SHB Ángel González 0-0: Foul Ball, location: 2F
0-1: Ball
1-1: Ball
2-1: Ball
3-1: Fly out, F8 (Flyball, 78M)
Top of the 1st over - 0 run(s), 0 hit(s), 0 error(s), 1 left on base; Pensacola 0 - El Paso 0
BOTTOM OF THE 1ST
El Paso Texans batting - Pitching for Pensacola Pilots : RHP Rubén Rocha
Pitching: RHP Rubén Rocha
Batting: LHB Mark Spencer 0-0: Ball
1-0: Ball
2-0: Called Strike
2-1: Bunt for hit - play at first, batter safe!
Batting: RHB Cole Boehmer 0-0: Called Strike
0-1: Called Strike
0-2: Foul Ball, location: 2F
0-2: Ground out 6-3 (Groundball, 6S)
Mark Spencer to second
Batting: SHB Richie Gallegos 0-0: Fly out, F4 (Line Drive, 4M)
Batting: RHB Rafael Crus 0-0: Ball
1-0: Called Strike
1-1: Swinging Strike
1-2: Strikes out swinging
Bottom of the 1st over - 0 run(s), 1 hit(s), 0 error(s), 1 left on base; Pensacola 0 - El Paso 0
TOP OF THE 2ND
Pensacola Pilots batting - Pitching for El Paso Texans : RHP Carlos Sánchez
Batting: SHB Hang-ki Yue 0-0: Foul Ball, location: 2F
0-1: Called Strike
0-2: SINGLE (Flyball, 8RS)
Batting: RHB Juan Jose López 0-0: Ball
1-0: Foul Ball, location: 2F
1-1: Grounds into double play, 6-4-3 (Groundball, 6)
Batting: RHB Tony Pulla 0-0: Called Strike
0-1: Ball
1-1: Called Strike
1-2: Ball
2-2: Foul Ball, location: 2F
2-2: Foul Ball, location: 2F
2-2: Ball
3-2: Foul Ball, location: 2F
3-2: Ground out 4-3 (Groundball, 4)
Top of the 2nd over - 0 run(s), 1 hit(s), 0 error(s), 0 left on base; Pensacola 0 - El Paso 0
BOTTOM OF THE 2ND
El Paso Texans batting - Pitching for Pensacola Pilots : RHP Rubén Rocha
Batting: LHB John Fitzgerald 0-0: Ball
1-0: Ball
2-0: Foul Ball, location: 2F
2-1: Called Strike
2-2: Foul Ball, location: 2F
2-2: Fly out, F2 (Popup, 3S)
Batting: RHB Javier Álvarez 0-0: Ground out 5-3 (Groundball, 56S)
Batting: RHB Andrew O'Dell 0-0: Ball
1-0: Ball
2-0: Foul Ball, location: 2F
2-1: Called Strike
2-2: Foul Ball, location: 2F
2-2: Ball
3-2: Foul Ball, location: 2F
3-2: Base on Balls
Batting: RHB Gabriel Santana 0-0: Ball
1-0: Called Strike
1-1: Ball
2-1: Ball
3-1: Base on Balls
Andrew O'Dell to second
Batting: SHB Miguel Hurtado 0-0: Ball
1-0: Ball
2-0: Ball
3-0: Base on Balls
Andrew O'Dell to third
Gabriel Santana to second
Batting: LHB Mark Spencer 0-0: Called Strike
0-1: Called Strike
0-2: Ball
1-2: Ball
2-2: Strikes out swinging
Bottom of the 2nd over - 0 run(s), 0 hit(s), 0 error(s), 3 left on base; Pensacola 0 - El Paso 0
TOP OF THE 3RD
Pensacola Pilots batting - Pitching for El Paso Texans : RHP Carlos Sánchez
Batting: RHB Juan González 0-0: Ball
1-0: Ball
2-0: Ball
3-0: Fly out, F8 (Flyball, 8RS)
Batting: RHB Albert Morán 0-0: Ball
1-0: Fly out, F8 (Flyball, 8RS)
Batting: RHB Brandon Townsley 0-0: Ball
1-0: Called Strike
1-1: Foul Ball, location: 2F
1-2: Strikes out swinging
Top of the 3rd over - 0 run(s), 0 hit(s), 0 error(s), 0 left on base; Pensacola 0 - El Paso 0
BOTTOM OF THE 3RD
El Paso Texans batting - Pitching for Pensacola Pilots : RHP Rubén Rocha
Batting: RHB Cole Boehmer 0-0: Ball
1-0: Ball
2-0: Ball
3-0: Called Strike
3-1: Base on Balls
Batting: SHB Richie Gallegos 0-0: Ball
1-0: Called Strike
1-1: Fielders Choice at 2nd, 4-6 (Groundball, 4)
Batting: RHB Rafael Crus 0-0: Fly out, F8 (Line Drive, 8LM)
Batting: LHB John Fitzgerald 0-0: Ball
1-0: Ball
2-0: Swinging Strike
2-1: Ball
3-1: Called Strike
3-2: Foul Ball, location: 2F
3-2: Base on Balls
Richie Gallegos to second
Batting: RHB Javier Álvarez 0-0: Ball
1-0: Called Strike
1-1: Ball
Wild Pitch!
Richie Gallegos to third
John Fitzgerald to second
2-1: Foul Ball, location: 2F
2-2: Ball
3-2: Base on Balls
Batting: RHB Andrew O'Dell 0-0: Called Strike
0-1: Called Strike
0-2: Foul Ball, location: 2F
0-2: Ball
1-2: Strikes out swinging
Bottom of the 3rd over - 0 run(s), 0 hit(s), 0 error(s), 3 left on base; Pensacola 0 - El Paso 0
TOP OF THE 4TH
Pensacola Pilots batting - Pitching for El Paso Texans : RHP Carlos Sánchez
Batting: SHB Fernando Gutiérrez 0-0: Ball
1-0: Foul Ball, location: 2F
1-1: Ball
2-1: Foul Ball, location: 2F
2-2: Foul Ball, location: 2F
2-2: Fly out, F7 (Flyball, 7LM)
Batting: RHB Aaron Grizzle 0-0: Called Strike
0-1: Swinging Strike
0-2: Ball
1-2: Ground out 4-3 (Groundball, 4)
Batting: SHB Ángel González 0-0: Ball
1-0: Fly out, F8 (Line Drive, 8LD)
Top of the 4th over - 0 run(s), 0 hit(s), 0 error(s), 0 left on base; Pensacola 0 - El Paso 0
BOTTOM OF THE 4TH
El Paso Texans batting - Pitching for Pensacola Pilots : RHP Rubén Rocha
Batting: RHB Gabriel Santana 0-0: Fly out, F9 (Flyball, 9LM)
Batting: SHB Miguel Hurtado 0-0: Called Strike
0-1: Swinging Strike
0-2: Ball
1-2: Ball
2-2: Ball
3-2: Base on Balls
Batting: LHB Mark Spencer 0-0: Ball
1-0: Called Strike
1-1: Foul Ball, location: 2F
1-2: Fielders Choice at 2nd, 4-6 (Groundball, 34)
Batting: RHB Cole Boehmer 0-0: Ball
1-0: Called Strike
Throwing error on steal attempt, E2
Mark Spencer to third
1-1: Ground out 6-3 (Groundball, 6)
Bottom of the 4th over - 0 run(s), 0 hit(s), 1 error(s), 1 left on base; Pensacola 0 - El Paso 0
TOP OF THE 5TH
Pensacola Pilots batting - Pitching for El Paso Texans : RHP Carlos Sánchez
Batting: SHB Hang-ki Yue 0-0: Ball
1-0: Called Strike
1-1: Ball
2-1: Fly out, F8 (Flyball, 8LD)
Batting: RHB Juan Jose López 0-0: Ball
1-0: Foul Ball, location: 2F
1-1: Ball
2-1: Fly out, F7 (Flyball, 7D)
Batting: RHB Tony Pulla 0-0: Ball
1-0: Ball
2-0: Ball
3-0: Base on Balls
Batting: RHB Juan González 0-0: Swinging Strike
0-1: Ground out 5-3 (Groundball, 56S)
Top of the 5th over - 0 run(s), 0 hit(s), 0 error(s), 1 left on base; Pensacola 0 - El Paso 0
BOTTOM OF THE 5TH
El Paso Texans batting - Pitching for Pensacola Pilots : RHP Rubén Rocha
Batting: SHB Richie Gallegos 0-0: Ball
1-0: Ball
2-0: Swinging Strike
2-1: Ball
3-1: Foul Ball, location: 2F
3-2: Base on Balls
Pitching: RHP Carlos Martínez
Batting: RHB Rafael Crus 0-0: Ball
1-0: Ball
2-0: SINGLE (Line Drive, 8RS)
Richie Gallegos to second
Batting: LHB John Fitzgerald 0-0: Ball
1-0: Ball
2-0: Foul Ball, location: 2F
2-1: SINGLE (Groundball, 4D)
Richie Gallegos to third
Rafael Crus to second
Batting: RHB Javier Álvarez 0-0: Ball
1-0: Fly out, F8 (Flyball, 8RD)
Runner from 3rd tags up, SCORES, no throw
Rafael Crus to third
Batting: RHB Andrew O'Dell 0-0: Ball
1-0: Swinging Strike
1-1: Foul Ball, location: 2F
1-2: Ball
2-2: Strikes out looking
Batting: RHB Gabriel Santana 0-0: Ball
1-0: Ball
2-0: Foul Ball, location: 2F
2-1: Ball
3-1: Base on Balls
John Fitzgerald to second
Batting: SHB Miguel Hurtado 0-0: Fielders Choice at 2nd, 6-4 (Groundball, 6)
Bottom of the 5th over - 1 run(s), 2 hit(s), 0 error(s), 2 left on base; Pensacola 0 - El Paso 1
TOP OF THE 6TH
Pensacola Pilots batting - Pitching for El Paso Texans : RHP Carlos Sánchez
Batting: RHB Albert Morán 0-0: Called Strike
0-1: Ball
1-1: Foul Ball, location: 2F
1-2: Ball
2-2: Foul Ball, location: 2F
2-2: Strikes out looking
Batting: RHB Brandon Townsley 0-0: Called Strike
0-1: Swinging Strike
0-2: Strikes out swinging
Batting: SHB Fernando Gutiérrez 0-0: Fly out, F8 (Line Drive, 8RXD)
Top of the 6th over - 0 run(s), 0 hit(s), 0 error(s), 0 left on base; Pensacola 0 - El Paso 1
BOTTOM OF THE 6TH
El Paso Texans batting - Pitching for Pensacola Pilots : RHP Carlos Martínez
Batting: LHB Mark Spencer 0-0: Ball
1-0: SINGLE (Line Drive, 5D)
Batting: RHB Cole Boehmer 0-0: Ball
1-0: Ball
Passed Ball!
Mark Spencer to second
2-0: Ball
3-0: Base on Balls
Batting: SHB Richie Gallegos 0-0: Ball
1-0: Called Strike
1-1: Ball
2-1: Called Strike
2-2: Foul Ball, location: 2F
2-2: Strikes out swinging
Batting: RHB Rafael Crus 0-0: Ball
1-0: Ball
Mark Spencer steals 3rd base
Cole Boehmer to second
2-0: Ball
3-0: Called Strike
3-1: Called Strike
3-2: Foul Ball, location: 2F
3-2: Foul Ball, location: 2F
3-2: Fly out, F8 (Flyball, 78D)
Runner from 3rd tags up, SCORES, no throw
Batting: LHB John Fitzgerald 0-0: Ball
Wild Pitch!
Cole Boehmer to third
1-0: Foul Ball, location: 2F
1-1: SINGLE (Groundball, 4MD)
Cole Boehmer scores
Batting: RHB Javier Álvarez 0-0: Called Strike
0-1: Ball
1-1: Foul Ball, location: 2F
1-2: Ball
2-2: Fielders Choice at 2nd, 5-4 (Groundball, 56)
Bottom of the 6th over - 2 run(s), 2 hit(s), 0 error(s), 0 left on base; Pensacola 0 - El Paso 3
TOP OF THE 7TH
Pensacola Pilots batting - Pitching for El Paso Texans : RHP Carlos Sánchez
Batting: RHB Aaron Grizzle 0-0: Called Strike
0-1: Foul Ball, location: 2F
0-2: Strikes out swinging
Batting: SHB Ángel González 0-0: Ball
1-0: Ball
2-0: Fly out, F8 (Flyball, 8LS)
Batting: SHB Hang-ki Yue 0-0: DOUBLE (Line Drive, 78XD)
Batting: RHB Juan Jose López 0-0: Called Strike
0-1: Foul Ball, location: 2F
0-2: Strikes out swinging
Top of the 7th over - 0 run(s), 1 hit(s), 0 error(s), 1 left on base; Pensacola 0 - El Paso 3
BOTTOM OF THE 7TH
El Paso Texans batting - Pitching for Pensacola Pilots : RHP Carlos Martínez
Pitching: LHP Júlio Jiménez
Batting: RHB Andrew O'Dell 0-0: Ground out 6-3 (Groundball, 6)
Batting: RHB Gabriel Santana 0-0: Called Strike
0-1: Ground out 1-3 (Groundball, P)
Batting: SHB Miguel Hurtado 0-0: Ball
1-0: Ball
2-0: Called Strike
2-1: Foul Ball, location: 2F
2-2: Ground out 4-3 (Groundball, 4)
Bottom of the 7th over - 0 run(s), 0 hit(s), 0 error(s), 0 left on base; Pensacola 0 - El Paso 3
TOP OF THE 8TH
Pensacola Pilots batting - Pitching for El Paso Texans : RHP Carlos Sánchez
Batting: RHB Tony Pulla 0-0: Ground out 6-3 (Groundball, 6)
Batting: RHB Juan González 0-0: SINGLE (Line Drive, 6MD)
Pitching: RHP Firmino Orsi
Batting: RHB Albert Morán 0-0: SINGLE (Flyball, 8RS)
Juan González to second
Batting: RHB Brandon Townsley 0-0: Called Strike
0-1: Called Strike
0-2: Foul Ball, location: 2F
0-2: Ball
1-2: Ball
2-2: Fielders Choice at 2nd, 6-4 (Groundball, 6)
Juan González to third
Pitching: LHP Mark De Jesús
Batting: SHB Fernando Gutiérrez 0-0: Called Strike
0-1: Foul Ball, location: 2F
0-2: Ball
1-2: Ball
2-2: Strikes out swinging
Top of the 8th over - 0 run(s), 2 hit(s), 0 error(s), 2 left on base; Pensacola 0 - El Paso 3
BOTTOM OF THE 8TH
El Paso Texans batting - Pitching for Pensacola Pilots : LHP Júlio Jiménez
Batting: LHB Mark Spencer 0-0: Called Strike
0-1: Called Strike
0-2: Ball
1-2: Fly out, F7 (Flyball, 7S)
Batting: RHB Cole Boehmer 0-0: Ball
1-0: Called Strike
1-1: SINGLE (Groundball, 6MD)
Batting: SHB Richie Gallegos 0-0: Ball
1-0: Called Strike
1-1: Swinging Strike
1-2: Strikes out swinging
Batting: RHB Rafael Crus 0-0: Ball
1-0: Ball
2-0: Foul Ball, location: 2F
2-1: Ball
3-1: Fly out, F8 (Line Drive, 8LXD)
Bottom of the 8th over - 0 run(s), 1 hit(s), 0 error(s), 1 left on base; Pensacola 0 - El Paso 3
TOP OF THE 9TH
Pensacola Pilots batting - Pitching for El Paso Texans : LHP Mark De Jesús
Pitching: RHP Cliff Wolfe
Batting: RHB Aaron Grizzle 0-0: Ball
1-0: Fly out, F7 (Flyball, 78D)
Batting: SHB Ángel González 0-0: Fly out, F7 (Flyball, 7LS)
Batting: SHB Hang-ki Yue 0-0: Foul Ball, location: 2F
0-1: Ball
1-1: Called Strike
1-2: Strikes out looking
Top of the 9th over - 0 run(s), 0 hit(s), 0 error(s), 0 left on base; Pensacola 0 - El Paso 3
Tuesday, August 8th, 2017 - OOTP Baseball 17.12 Build 75